TOP OF THE 1ST |
Duke Blue Devils batting - Pitching for Cincinnati Bearcats : RHP Fernando Clark
|
Pitching: RHP Fernando Clark
|
|
Batting: RHB Ronnie Starr
|
0-0: Foul Ball, location: 2F 0-1: Ball 1-1: Ball 2-1: TRIPLE (Line Drive, 9)
|
Batting: LHB Francisco Ríos
|
0-0: Ball 1-0: SINGLE (Line Drive, 7S) Ronnie Starr scores
|
Batting: RHB Danny Morrison
|
0-0: Swinging Strike 0-1: Called Strike 0-2: Ball 1-2: Grounds into double play, 5-4-3 (Groundball, 56)
|
Batting: LHB Cade Brown
|
0-0: Ball 1-0: Ball 2-0: DOUBLE (Flyball, 7D)
|
Batting: SHB Barry Holman
|
0-0: Called Strike 0-1: Ball 1-1: Swinging Strike 1-2: Foul Ball, location: 2F 1-2: Strikes out swinging
|
Top of the 1st over - 1 run(s), 3 hit(s), 0 error(s), 1 left on base; Duke 1 - Cincinnati 0 |
BOTTOM OF THE 1ST |
Cincinnati Bearcats batting - Pitching for Duke Blue Devils : RHP Edward Rush
|
Pitching: RHP Edward Rush
|
|
Batting: RHB Phil Poole
|
0-0: Fly out, F6 (Popup, 56)
|
Batting: SHB Pete Potter
|
0-0: Ball 1-0: Foul Ball, location: 2F 1-1: Foul Ball, location: 2F 1-2: Foul Ball, location: 2F 1-2: Foul Ball, location: 2F 1-2: Foul Ball, location: 2F 1-2: Foul Ball, location: 2F 1-2: SINGLE (Flyball, 7LS)
|
Batting: LHB Caleb Ruíz
|
0-0: Ball 1-0: Called Strike 1-1: Foul Ball, location: 2F 1-2: SINGLE (Groundball, 4MD) Pete Potter to second
|
Batting: SHB Miguel Price
|
0-0: Swinging Strike 0-1: Swinging Strike 0-2: Foul Ball, location: 2F 0-2: Strikes out looking
|
Batting: RHB Craig Porter
|
0-0: Ball 1-0: Called Strike 1-1: Ball 2-1: Foul Ball, location: 2F 2-2: Foul Ball, location: 2F 2-2: Fly out, F7 (Flyball, 78S)
|
Bottom of the 1st over - 0 run(s), 2 hit(s), 0 error(s), 2 left on base; Duke 1 - Cincinnati 0 |
TOP OF THE 2ND |
Duke Blue Devils batting - Pitching for Cincinnati Bearcats : RHP Fernando Clark
|
Batting: LHB Shawn Henderson
|
0-0: Ball 1-0: Ball 2-0: Swinging Strike 2-1: Foul Ball, location: 2F 2-2: Strikes out swinging
|
Batting: RHB Dillon Lewis
|
0-0: Called Strike 0-1: Foul Ball, location: 2F 0-2: Ball 1-2: Ball 2-2: Ball 3-2: Foul Ball, location: 2F 3-2: Fly out, F8 (Flyball, 78S)
|
Batting: LHB Kelsey Greer
|
0-0: Swinging Strike 0-1: Called Strike 0-2: Ball 1-2: Ball 2-2: Ground out 6-3 (Groundball, 6)
|
Top of the 2nd over - 0 run(s), 0 hit(s), 0 error(s), 0 left on base; Duke 1 - Cincinnati 0 |
BOTTOM OF THE 2ND |
Cincinnati Bearcats batting - Pitching for Duke Blue Devils : RHP Edward Rush
|
Batting: RHB Ralph Summers
|
0-0: Called Strike 0-1: Ball 1-1: Fly out, F3 (Line Drive, 34)
|
Batting: RHB Kevin Nelson
|
0-0: Fly out, F3 (Popup, 34)
|
Batting: RHB Larry O'Sheill
|
0-0: Fly out, F4 (Line Drive, 4M)
|
Bottom of the 2nd over - 0 run(s), 0 hit(s), 0 error(s), 0 left on base; Duke 1 - Cincinnati 0 |
TOP OF THE 3RD |
Duke Blue Devils batting - Pitching for Cincinnati Bearcats : RHP Fernando Clark
|
Batting: RHB Bob Ferguson
|
0-0: Called Strike 0-1: Ball 1-1: SOLO HOME RUN (Flyball, 7D), Distance : 357 ft
|
Batting: RHB Ronnie Starr
|
0-0: Ball 1-0: Called Strike 1-1: Ball 2-1: Called Strike 2-2: Strikes out swinging
|
Batting: LHB Francisco Ríos
|
0-0: Ground out 6-3 (Groundball, 6)
|
Batting: RHB Danny Morrison
|
0-0: Called Strike 0-1: Swinging Strike 0-2: Strikes out swinging
|
Top of the 3rd over - 1 run(s), 1 hit(s), 0 error(s), 0 left on base; Duke 2 - Cincinnati 0 |
BOTTOM OF THE 3RD |
Cincinnati Bearcats batting - Pitching for Duke Blue Devils : RHP Edward Rush
|
Batting: LHB Lee Price
|
0-0: Ball 1-0: Foul Ball, location: 2F 1-1: Ball 2-1: Ground out 4-3 (Groundball, 4)
|
Batting: RHB Phil Poole
|
0-0: Called Strike 0-1: Ball 1-1: Ball 2-1: Ball 3-1: Base on Balls
|
Batting: SHB Pete Potter
|
0-0: Called Strike 0-1: Ball 1-1: Foul Ball, location: 2F 1-2: Foul Ball, location: 2F 1-2: Strikes out swinging
|
Batting: LHB Caleb Ruíz
|
0-0: Ball 1-0: Called Strike 1-1: Fielders Choice at 2nd, 4-6 (Groundball, 4)
|
Bottom of the 3rd over - 0 run(s), 0 hit(s), 0 error(s), 0 left on base; Duke 2 - Cincinnati 0 |
TOP OF THE 4TH |
Duke Blue Devils batting - Pitching for Cincinnati Bearcats : RHP Fernando Clark
|
Batting: LHB Cade Brown
|
0-0: Called Strike 0-1: Foul Ball, location: 2F 0-2: Strikes out swinging
|
Batting: SHB Barry Holman
|
0-0: Foul Ball, location: 2F 0-1: Foul Ball, location: 2F 0-2: Ball 1-2: Ground out 4-3 (Groundball, 4M)
|
Batting: LHB Shawn Henderson
|
0-0: Ball 1-0: Ball 2-0: Ball 3-0: Called Strike 3-1: Swinging Strike 3-2: Base on Balls
|
Batting: RHB Dillon Lewis
|
0-0: Ball 1-0: Called Strike 1-1: DOUBLE (Line Drive, 9LM) Shawn Henderson to third Runner from 3rd tries for Home, SAFE, no throw
|
Batting: LHB Kelsey Greer
|
0-0: Called Strike 0-1: Called Strike 0-2: Foul Ball, location: 2F 0-2: Strikes out swinging
|
Top of the 4th over - 1 run(s), 1 hit(s), 0 error(s), 1 left on base; Duke 3 - Cincinnati 0 |
BOTTOM OF THE 4TH |
Cincinnati Bearcats batting - Pitching for Duke Blue Devils : RHP Edward Rush
|
Batting: SHB Miguel Price
|
0-0: Swinging Strike 0-1: Ball 1-1: Ball 2-1: Foul Ball, location: 2F 2-2: Foul Ball, location: 2F 2-2: Ball 3-2: Base on Balls
|
Batting: RHB Craig Porter
|
0-0: Called Strike 0-1: Foul Ball, location: 2F 0-2: Ball 1-2: Ball 2-2: Strikes out looking
|
Batting: RHB Ralph Summers
|
0-0: Called Strike 0-1: Ball 1-1: Ball 2-1: Swinging Strike 2-2: Fly out, F7 (Flyball, 7S)
|
Batting: RHB Kevin Nelson
|
0-0: Called Strike 0-1: Fielders Choice at 2nd, 4-6 (Groundball, 4)
|
Bottom of the 4th over - 0 run(s), 0 hit(s), 0 error(s), 0 left on base; Duke 3 - Cincinnati 0 |
TOP OF THE 5TH |
Duke Blue Devils batting - Pitching for Cincinnati Bearcats : RHP Fernando Clark
|
Batting: RHB Bob Ferguson
|
0-0: Ball 1-0: Ball 2-0: Ball 3-0: Base on Balls
|
Batting: RHB Ronnie Starr
|
0-0: Ground out 5-3 (Groundball, 56S) Bob Ferguson to second
|
Batting: LHB Francisco Ríos
|
0-0: Intentional Walk
|
Batting: RHB Danny Morrison
|
0-0: Ball 1-0: Foul Ball, location: 2F 1-1: Ball 2-1: Foul Ball, location: 2F 2-2: Ball 3-2: Base on Balls Bob Ferguson to third Francisco Ríos to second
|
Pitching: RHP Casey Scott
|
|
Batting: LHB Cade Brown
|
0-0: Ball 1-0: Ball 2-0: Ball 3-0: Called Strike 3-1: Foul Ball, location: 2F 3-2: Foul Ball, location: 2F 3-2: Foul Ball, location: 2F 3-2: Foul Ball, location: 2F 3-2: Fly out, F9 (Flyball, 9) Runner from 3rd tags up, SCORES, throw made
|
Batting: SHB Barry Holman
|
0-0: Ball 1-0: Called Strike 1-1: Foul Ball, location: 2F 1-2: Fly out, F9 (Flyball, 9LDF)
|
Top of the 5th over - 1 run(s), 0 hit(s), 0 error(s), 2 left on base; Duke 4 - Cincinnati 0 |
BOTTOM OF THE 5TH |
Cincinnati Bearcats batting - Pitching for Duke Blue Devils : RHP Edward Rush
|
Batting: RHB Larry O'Sheill
|
0-0: Called Strike 0-1: Foul Ball, location: 2F 0-2: Ball 1-2: Ground out 4-3 (Groundball, 4)
|
Batting: LHB Lee Price
|
0-0: Ball 1-0: Ball 2-0: SINGLE (Groundball, 6MD)
|
Batting: RHB Phil Poole
|
0-0: Called Strike 0-1: Swinging Strike 0-2: Strikes out swinging
|
Batting: SHB Pete Potter
|
0-0: Ball 1-0: Ball 2-0: Called Strike 2-1: Ball 3-1: Foul Ball, location: 2F 3-2: Base on Balls Lee Price to second
|
Pitching: RHP Jonas Davis
|
|
Batting: LHB Caleb Ruíz
|
0-0: Fly out, F8 (Flyball, 78M)
|
Bottom of the 5th over - 0 run(s), 1 hit(s), 0 error(s), 2 left on base; Duke 4 - Cincinnati 0 |
TOP OF THE 6TH |
Duke Blue Devils batting - Pitching for Cincinnati Bearcats : RHP Casey Scott
|
Batting: LHB Shawn Henderson
|
0-0: Called Strike 0-1: Ball 1-1: Ball 2-1: Swinging Strike 2-2: Foul Ball, location: 2F 2-2: Foul Ball, location: 2F 2-2: Ball 3-2: SINGLE (Line Drive, 9LS)
|
Batting: RHB Dillon Lewis
|
0-0: Ball 1-0: Grounds into double play, 5-4-3 (Groundball, 5)
|
Batting: LHB Kelsey Greer
|
0-0: Called Strike 0-1: Foul Ball, location: 2F 0-2: Strikes out swinging
|
Top of the 6th over - 0 run(s), 1 hit(s), 0 error(s), 0 left on base; Duke 4 - Cincinnati 0 |
BOTTOM OF THE 6TH |
Cincinnati Bearcats batting - Pitching for Duke Blue Devils : RHP Jonas Davis
|
Batting: SHB Miguel Price
|
0-0: Ball 1-0: Ball 2-0: Foul Ball, location: 2F 2-1: SINGLE (Groundball, 4S) (infield hit)
|
Batting: RHB Craig Porter
|
0-0: Ball 1-0: SINGLE (Groundball, 34D) Miguel Price to second Runner from 2nd tries for 3rd, SAFE, throw made to third
|
Batting: RHB Ralph Summers
|
0-0: Ball 1-0: SINGLE (Line Drive, 5L) Miguel Price scores Craig Porter to second
|
Batting: RHB Kevin Nelson
|
0-0: Ball 1-0: Ball 2-0: Ball 3-0: Base on Balls Craig Porter to third Ralph Summers to second
|
Batting: RHB Larry O'Sheill
|
0-0: Foul Ball, location: 2F 0-1: Foul Ball, location: 2F 0-2: Ball 1-2: Ground out 4-3 (Groundball, 4S) Craig Porter scores Ralph Summers to third Kevin Nelson to second
|
Batting: LHB Lee Price
|
0-0: Called Strike 0-1: Ground out 3-1 (Groundball, 34) Ralph Summers scores Kevin Nelson to third
|
Pitching: RHP José Mora
|
|
Batting: RHB Phil Poole
|
0-0: Hit by Pitch
|
Batting: SHB Pete Potter
|
0-0: Fly out, F3 (Flyball, 3D)
|
Bottom of the 6th over - 3 run(s), 3 hit(s), 0 error(s), 2 left on base; Duke 4 - Cincinnati 3 |
TOP OF THE 7TH |
Duke Blue Devils batting - Pitching for Cincinnati Bearcats : RHP Casey Scott
|
Batting: RHB Bob Ferguson
|
0-0: Ball 1-0: Foul Ball, location: 2F 1-1: Foul Ball, location: 2F 1-2: Ball 2-2: Ground out U3 (Groundball, 3)
|
Batting: RHB Ronnie Starr
|
0-0: Called Strike 0-1: Reached on error, E4 (Groundball, 4)
|
Batting: LHB Francisco Ríos
|
0-0: Intentional Walk
|
Batting: RHB Danny Morrison
|
0-0: Ball 1-0: Foul Ball, location: 2F 1-1: Swinging Strike 1-2: Foul Ball, location: 2F 1-2: Ball 2-2: Ball 3-2: Foul Ball, location: 2F 3-2: Strikes out swinging Francisco Ríos is caught stealing 2nd base Batter strikes out.
|
Top of the 7th over - 0 run(s), 0 hit(s), 1 error(s), 1 left on base; Duke 4 - Cincinnati 3 |
BOTTOM OF THE 7TH |
Cincinnati Bearcats batting - Pitching for Duke Blue Devils : RHP José Mora
|
Batting: LHB Caleb Ruíz
|
0-0: Called Strike 0-1: Ball 1-1: Swinging Strike 1-2: Foul Ball, location: 2F 1-2: Fly out, F9 (Line Drive, 89M)
|
Batting: SHB Miguel Price
|
0-0: Swinging Strike 0-1: Ball 1-1: Foul Ball, location: 2F 1-2: Foul Ball, location: 2F 1-2: Ball 2-2: Ball 3-2: Ground out 6-3 (Groundball, 6M)
|
Batting: RHB Craig Porter
|
0-0: Ball 1-0: Ground out 6-3 (Groundball, 6)
|
Bottom of the 7th over - 0 run(s), 0 hit(s), 0 error(s), 0 left on base; Duke 4 - Cincinnati 3 |
TOP OF THE 8TH |
Duke Blue Devils batting - Pitching for Cincinnati Bearcats : RHP Casey Scott
|
Batting: LHB Cade Brown
|
0-0: Called Strike 0-1: Ball 1-1: Ball 2-1: Foul Ball, location: 2F 2-2: Foul Ball, location: 2F 2-2: Strikes out swinging
|
Batting: SHB Barry Holman
|
0-0: Called Strike 0-1: Foul Ball, location: 2F 0-2: Ball 1-2: SINGLE (Groundball, 34D)
|
Pitching: RHP Anthony McDowell
|
|
Pinch Hitting: SHB Luis Romero
|
0-0: Ball 1-0: Ball 2-0: Ball 3-0: Base on Balls Barry Holman to second
|
Pinch Hitting: RHB Deron McClendon
|
0-0: Grounds into double play, 6-4-3 (Groundball, 6)
|
Top of the 8th over - 0 run(s), 1 hit(s), 0 error(s), 1 left on base; Duke 4 - Cincinnati 3 |
BOTTOM OF THE 8TH |
Cincinnati Bearcats batting - Pitching for Duke Blue Devils : RHP José Mora
|
Now at 1B: Luis Romero
|
|
Now at SS: Deron McClendon
|
|
Batting: RHB Ralph Summers
|
0-0: Ball 1-0: Ball 2-0: Ball 3-0: Base on Balls
|
Batting: RHB Kevin Nelson
|
0-0: Called Strike 0-1: Ball 1-1: Ball 2-1: Foul Ball, location: 2F 2-2: Strikes out looking
|
Batting: RHB Larry O'Sheill
|
0-0: Ball 1-0: Called Strike 1-1: Swinging Strike 1-2: Ball 2-2: Strikes out swinging
|
Pitching: LHP Eric Elmore
|
|
Batting: LHB Lee Price
|
0-0: Fly out, F8 (Flyball, 8RS)
|
Bottom of the 8th over - 0 run(s), 0 hit(s), 0 error(s), 1 left on base; Duke 4 - Cincinnati 3 |
TOP OF THE 9TH |
Duke Blue Devils batting - Pitching for Cincinnati Bearcats : RHP Anthony McDowell
|
Batting: LHB Kelsey Greer
|
0-0: Called Strike 0-1: Foul Ball, location: 2F 0-2: SINGLE (Flyball, 8LS)
|
Batting: RHB Bob Ferguson
|
0-0: Ball 1-0: Bunted foul 1-1: Bunted foul 1-2: Ball 2-2: Foul Ball, location: 2F 2-2: Ball 3-2: Foul Ball, location: 2F 3-2: Base on Balls Kelsey Greer to second
|
Batting: RHB Ronnie Starr
|
0-0: Foul Ball, location: 2F 0-1: Ball 1-1: Ball 2-1: Bunted foul 2-2: Strikes out swinging
|
Batting: LHB Francisco Ríos
|
0-0: Ball 1-0: Swinging Strike 1-1: Ball 2-1: Swinging Strike 2-2: Strikes out swinging
|
Batting: RHB Danny Morrison
|
0-0: Swinging Strike 0-1: Foul Ball, location: 2F 0-2: Foul Ball, location: 2F 0-2: Foul Ball, location: 2F 0-2: Strikes out looking
|
Top of the 9th over - 0 run(s), 1 hit(s), 0 error(s), 2 left on base; Duke 4 - Cincinnati 3 |
BOTTOM OF THE 9TH |
Cincinnati Bearcats batting - Pitching for Duke Blue Devils : LHP Eric Elmore
|
Pitching: LHP Ray Karl
|
|
Batting: RHB Phil Poole
|
0-0: Ball 1-0: Ball 2-0: Ball 3-0: Base on Balls
|
Batting: SHB Pete Potter
|
0-0: Ball 1-0: Ball 2-0: Ball 3-0: Called Strike 3-1: Base on Balls Phil Poole to second
|
Batting: LHB Caleb Ruíz
|
0-0: Called Strike 0-1: SINGLE (Flyball, 6MD) Phil Poole to third Pete Potter to second Runner from 3rd tries for Home, throw and OUT!
|
Pinch Runner at 2nd Ron Moore:
|
|
Batting: SHB Miguel Price
|
0-0: SINGLE (Groundball, 6MD) Ron Moore to third Caleb Ruíz to second
|
Batting: RHB Craig Porter
|
0-0: Called Strike 0-1: Foul Ball, location: 2F 0-2: Strikes out swinging
|
Batting: RHB Ralph Summers
|
0-0: SINGLE (Line Drive, 8LS) Ron Moore scores Caleb Ruíz to third Miguel Price to second Runner from 3rd tries for Home, SAFE, throw made home
|
Tuesday, August 8th, 2017 - OOTP Baseball 17.12 Build 75
|
|